 Dungeon Crawl Stone Soup version 0.24-a0-397-g73b976d855 (webtiles) character file.

Game seed: 15725645737378003206

126 theanonym the Ruffian (level 5, -2/45 HPs)
             Began as a Ghoul Berserker on June 4, 2019.
             Was a Believer of Trog.
             Killed from afar by Natasha (7 damage)
             ... with a magic dart
             ... on level 3 of the Dungeon.
             The game lasted 00:03:03 (1854 turns).

theanonym the Ruffian (Ghoul Berserker)             Turns: 1854, Time: 00:03:04

Health: -2/45      AC:  6    Str: 21    XL:     5   Next: 10%
Magic:  4/4        EV: 10    Int:  3    God:    Trog [**....]
Gold:   54         SH:  0    Dex:  8    Spells: 4/4 levels left

rFire    . . .     SeeInvis .     - Unarmed
rCold    + . .     Gourm    .   (no shield)
rNeg     + + +     Faith    .   n - +0 scale mail
rPois    ∞         Spirit   .   (no helmet)
rElec    .         Reflect  .   (no cloak)
rCorr    .         Harm     .   (no gloves)
MR       .....                  (no boots)
Stlth    ..........             (no amulet)
HPRegen  0.00/turn              (no ring)
MPRegen  0.09/turn              (no ring)

@: rotting
A: rotting body, claws 1, carnivore, cold resistance 1, negative energy
resistance 3, inhibited regeneration, torment resistance, unbreathing
a: Trog's Hand, Renounce Religion


Innate Abilities, Weirdness & Mutations

Your body is rotting away.
You thrive on raw meat.
You are immune to poison.
You have sharp fingernails.
You are carnivorous and can eat meat at any time.
Your flesh is cold resistant. (rC+)
You are immune to negative energy. (rN+++)
You do not regenerate when monsters are visible.
You are immune to unholy pain and torment.
You can survive without breathing.


   Skills:
 - Level 3.2 Fighting
 - Level 1.7 Armour
 - Level 1.7 Dodging
 + Level 6.2 Unarmed Combat


You had 4 spell levels left.
You didn't know any spells.
Your spell library was empty.

Skill      XL: |  1  2  3  4 |
---------------+-------------+-----
Unarmed Combat | 4 5 6 |  6.2
Fighting       | |  3.2
Armour         | |  1.7
Dodging        | |  1.7

Action                   |  1- 3 |  4- 6 || total
-------------------------+-------+-------++-------
Melee: Unarmed           |   104 |    45 ||   149
       Punch             |     1 |     2 ||     3
Invok: Trog's Hand       |       |     2 ||     2
  Eat: Chunk             |     5 |     9 ||    14
       Ration            |       |     1 ||     1
Armor: Animal skin       |    12 |       ||    12
       Scale mail        |     5 |    11 ||    16
Dodge: Dodged            |    47 |    42 ||    89

Inventory:

Armour
 a - a +0 animal skin
 n - a +0 scale mail (worn)
Scrolls
 f - 5 scrolls of remove curse {unknown}
 i - a scroll of fear {unknown}
 j - 3 scrolls of identify {unknown}
 k - 3 scrolls of amnesia {unknown}
Potions
 b - 2 potions of magic {unknown}
 d - 3 potions of curing {unknown}
 g - 2 potions of agility {unknown}
 h - 2 potions of invisibility {unknown}
 l - a potion of haste {unknown}
 m - a potion of berserk rage {unknown}
 o - a potion of resistance {unknown}
 p - a potion of mutation {unknown}
Comestibles
 e - 2 rations


You were on level 3 of the Dungeon.
You worshipped Trog.
Trog was pleased with you.
You were not hungry.

You visited 1 branch of the dungeon, and saw 3 of its levels.

You collected 54 gold pieces.

Dungeon Overview and Level Annotations

Branches:
Dungeon (3/15)

Altars:

Annotations:
D:3 Natasha

....... .........
##........ ####....%....
########g.g.g?......
###(..).g..##.r....h..
###...#########.........
#...### #.S.......
##..##### ####@.......
###...gg#####...........
#.)).##.......'########+
#....##.....÷.#
.....##......g#
.....##.......#
.....##.......#
#######.......#
[....##)##.#


You could see Natasha, a gnoll, an adder, 2 goblins and a rat.

Notes
Turn   | Place    | Note
-------+----------+-------------------------------------------
     0 | D:1      | theanonym the Ghoul Berserker began the quest for the Orb.
     0 | D:1      | Reached XP level 1. HP: 19/19 MP: 0/0
    87 | D:1      | Reached XP level 2. HP: 14/26 MP: 1/1
   199 | D:1      | Reached skill level 4 in Unarmed Combat
   337 | D:1      | Reached XP level 3. HP: 27/31 MP: 2/2
   448 | D:1      | HP: 15/31 [jackal (3)]
   491 | D:1      | Reached ** piety under Trog
   941 | D:2      | Reached skill level 5 in Unarmed Combat
  1287 | D:2      | Reached XP level 4. HP: 38/38 MP: 3/3
  1456 | D:3      | Noticed Ijyb
  1470 | D:3      | Killed Ijyb
  1470 | D:3      | HP: 8/37 [gnoll/+0 halberd (11)]
  1804 | D:3      | Reached skill level 6 in Unarmed Combat
  1804 | D:3      | Reached XP level 5. HP: 39/45 MP: 4/4
  1807 | D:3      | HP: 21/45 [gnoll/+0 halberd (5)]
  1811 | D:3      | HP: 6/45 [gnoll/+0 halberd (7)]
  1827 | D:3      | HP: 10/44 [gnoll/cursed +0 whip (6)]
  1834 | D:3      | HP: 21/45 [gnoll/cursed +0 whip (2)]
  1841 | D:3      | HP: 22/45 [gnoll/+0 halberd (5)]
  1845 | D:3      | HP: 9/45 [gnoll/+0 halberd (9)]
  1851 | D:3      | Noticed Natasha
  1852 | D:3      | HP: 5/45 [Natasha/magic dart (3)]
  1854 | D:3      | Killed from afar by Natasha

Vanquished Creatures
  Ijyb (D:3)
  2 gnolls (D:3)
  2 adders
  An ooze (D:1)
  2 worms (D:2)
  3 dart slugs (D:1)
  A leopard gecko (D:2)
  An orc (D:2)
  3 giant cockroaches
  4 goblins
  3 hobgoblins
  7 jackals
  A ball python (D:2)
  4 bats (D:1)
  3 frilled lizards
  3 kobolds
  6 rats
47 creatures vanquished.

Table legend:
 A = Turns spent in this place as a percentage of turns spent in the entire game.
 B = Non-inter-level travel turns spent in this place as a percentage of non-inter-level travel turns spent in the entire game.
 C = Inter-level travel turns spent in this place as a percentage of turns spent in this place.
 D = Turns resting spent in this place as a percentage of non-inter-level travel turns spent in this place.
 E = Turns spent auto-exploring this place as a percentage of non-inter-level travel turns spent in this place.
 F = Non-inter-level travel turns spent in this place divided by the number of levels of this place that you've seen.
                   A       B       C       D       E      F
               +-------+-------+-------+-------+-------+----------------------
         Total | 100.0 | 100.0 |   4.6 |  21.1 |  59.7 | 589.3
       Dungeon | 100.0 | 100.0 |   4.6 |  21.1 |  59.7 | 589.3
               +-------+-------+-------+-------+-------+----------------------
